 Dungeon Crawl Stone Soup version 0.31-a0-198-g2ad674f65e (webtiles) character file.

Game seed: 6986173143111793339

52 qw the Shooter (level 3, 0/20 HPs)
             Began as a Deep Elf Hunter on June 25, 2023.
             Slain by a gnoll
             ... wielding a +3 whip
              (6 damage)
             ... on level 2 of the Dungeon.
             The game lasted 00:00:28 (1373 turns).

qw the Shooter (Deep Elf Hunter)                    Turns: 1373, Time: 00:00:29

Health: 0/20       AC:  6    Str: 10    XL:     3   Next: 60%
Magic:  5/5        EV:  9    Int: 13    God:
Gold:   60         SH:  0    Dex: 18    Spells: 2/2 levels left

rFire   . . .        Y - +0 shortbow
rCold   . . .        (shield currently unavailable)
rNeg    . . .        f - +0 scale mail
rPois   .            (no helmet)
rElec   .            (no cloak)
rCorr   .            (no gloves)
SInv    .            (no boots)
Will    .....        (no amulet)
Stlth   +            (no ring)
HPRegen 0.23/turn    (no ring)
MPRegen 0.09/turn

%: no passive effects
@: no status effects
A: no striking features
a: no special abilities


You were on level 2 of the Dungeon.
You visited 1 branch of the dungeon, and saw 2 of its levels.

You collected 108 gold pieces.
You spent 48 gold pieces at shops.


   Skills:
 - Level 1.5 Fighting
 + Level 7.1 Ranged Weapons
 - Level 2.4 Dodging
 - Level 1.2 Stealth


You had 2 spell levels left.
You didn't know any spells.
Your spell library was empty.

Inventory:

Hand Weapons
 Y - a +0 shortbow (weapon)
Armour
 b - a +0 ring mail
 e - a +2 pair of boots
 f - a +0 scale mail (worn)
 j - a +0 pair of gloves
Jewellery
 d - a +6 ring of dexterity
 g - a ring of poison resistance
Scrolls
 a - 2 scrolls of teleportation
 c - a scroll of vulnerability {unknown}
 h - 2 scrolls of identify
 k - a scroll of fog {unknown}
Potions
 i - a potion of magic {unknown}

Dungeon Overview and Level Annotations

Branches:
Dungeon (2/15)

Altars:
Dithmenos

Shops:
D:1 [


Message History

Enter note:
Enter note:
Enter note:
Enter note:
Enter note:
Enter note:
Enter note:
Enter note:
Enter note:
Enter note:
Enter note:
Enter note: You shoot an arrow.
The arrow hits the gnoll.
The gnoll is heavily wounded.
A gnoll comes into view. It is wielding a +0 flail.
You shoot an arrow. The arrow barely misses the gnoll.
The gnoll shouts!
You shoot an arrow. The arrow hits the gnoll.
The gnoll is heavily wounded.
You shoot an arrow.
The arrow hits the gnoll but does no damage.
The gnoll is heavily wounded.
The gnoll hits you from afar with a +0 halberd.
You shoot an arrow.
The arrow hits the gnoll but does no damage.
The gnoll is heavily wounded.
The gnoll misses you. The gnoll closely misses you.
You shoot an arrow.
The arrow hits the gnoll but does no damage.
The gnoll is heavily wounded.
The gnoll barely misses you. The gnoll hits you with a +3 whip.
The gnoll hits you from afar with a +0 halberd!
The gnoll closely misses you. The gnoll hits you but does no damage.
You shoot an arrow. The arrow hits the gnoll.
The gnoll is heavily wounded.
The gnoll barely misses you. The gnoll closely misses you.
You shoot an arrow. The arrow barely misses the gnoll.
The gnoll closely misses you. The gnoll hits you with a +0 flail.
The gnoll hits you with a +3 whip.
You die...

.##.## ##.#.......##
.##.# ##...##.....#
#...# ##.......%...#
#.### ##............#
#.########.............#
....................%..#
.....###.............[##
....># #..<......#...##
.....# .......g@#####
###### .......g#
.....g..# .......##
....... ....... .......
.......


You could see 3 gnolls.

Vanquished Creatures
  An adder (D:2)
  4 dart slugs
  An orc (D:2)
  3 endoplasms
  2 giant cockroaches
  A goblin (D:2)
  4 hobgoblins
  2 quokkas (D:1)
  A ball python (D:2)
  4 bats
  A frilled lizard (D:2)
  5 kobolds
  3 rats
32 creatures vanquished.

Notes
Turn   | Place    | Note
-------+----------+-------------------------------------------
     0 | D:1      | qw the Deep Elf Hunter began the quest for the Orb.
     0 | D:1      | Reached XP level 1. HP: 12/12 MP: 3/3
     0 | D:1      | 0 ||| qw: Version: 0.3-a-22-g0ed2b0b
     0 | D:1      | 0 ||| qw: Game counter: 5307
     0 | D:1      | 0 ||| qw: Melee chars always use a shield: true
     0 | D:1      | 0 ||| qw: God list: Okawaru
     0 | D:1      | 0 ||| qw: Allow faded altars: false
     0 | D:1      | 0 ||| qw: Do Orc after clearing Dungeon:15 true
     0 | D:1      | 0 ||| qw: Do second Lair branch before Depths: true
     0 | D:1      | 0 ||| qw: Lair rune preference: random
     0 | D:1      | 0 ||| qw: Goals: Normal
     0 | D:1      | 0 ||| PLANNING D:1-11
    40 | D:1      | Found Honuprawn's Armour Shop.
    65 | D:1      | 65 ||| BUYING +0 scale mail (48 gold).
    65 | D:1      | Bought a +0 scale mail for 48 gold pieces
    65 | D:1      | 65 ||| SHOPLISTING +3 ring mail of fire resistance (312
                  | gold, have 10).
   113 | D:1      | Reached skill level 6 in Ranged Weapons
   113 | D:1      | Reached XP level 2. HP: 12/16 MP: 4/4
   897 | D:1      | 897 ||| UPGRADING to +0 scale mail.
   907 | D:1      | 907 ||| DROPPING +0 leather armour.
   908 | D:1      | 908 ||| READING 3 scrolls labelled BEDEWNO AMUL.
   911 | D:1      | 911 ||| READING scroll labelled HITATZ JEOMEO.
   912 | D:1      | 912 ||| READING 2 scrolls labelled NOKUOPRYDGHO.
   913 | D:1      | 913 ||| READING 2 scrolls labelled URHOIZ YJI.
   914 | D:1      | 914 ||| DROPPING scroll of butterflies.
   915 | D:1      | 915 ||| DROPPING scroll of revelation.
   931 | D:2      | 931 ||| STAIRDANCE
   991 | D:2      | Reached XP level 3. HP: 12/20 MP: 5/5
  1043 | D:2      | Identified the +7 mace "Ultimatum" {heavy, Int+4}
  1144 | D:2      | Found a shadowy altar of Dithmenos.
  1165 | D:2      | Reached skill level 7 in Ranged Weapons
  1373 | D:2      | Slain by a gnoll

Levels and vault maps discovered:
D:1:      lightli_arrival_farm, layout_basic, serial_shops, shop_coins,
          minmay_tetromino_o2
D:2:      layout_rooms, serial_rivers, chequers_serial_rivers_small_b,
          chequers_serial_rivers_micro_b, chequers_serial_rivers_marsh,
          chequers_serial_rivers_small_b, chequers_serial_rivers_micro_e,
          basic_altar, serial_bayou_ford_a

Skill      XL: |  1  2  3 |
---------------+----------+-----
Ranged Weapons | 6 7 |  7.1
Fighting       | |  1.5
Dodging        | |  2.4
Stealth        | |  1.2

Action                     || total
---------------------------++-------
   Fire: Shortbow          ||   104
    Use: Scroll            ||     4
 Armour: Leather armour    ||     1
         Scale mail        ||    10
  Dodge: Dodged            ||    31

Table legend:
 A = Non-vault XP
 B = Vault XP
 C = Vault XP percentage of total XP
 D = Non-vault monster count
 E = Vault monster count
 F = Vault count percentage of total count
                 A         B        C        D         E       F
            +---------+---------+-------+---------+---------+-------
      Total |      72 |       3 |   4.0 |      30 |       2 |   6.2
            +---------+---------+-------+---------+---------+-------
        D:1 |      31 |       3 |   8.8 |      16 |       2 |  11.1
        D:2 |      41 |       0 |   0.0 |      14 |       0 |   0.0
            +---------+---------+-------+---------+---------+-------
